 Dungeon Crawl Stone Soup version 0.22-a0-469-gf26638a (webtiles) character file.

355 saradell the Covered (level 6, -1/39 HPs)
             Began as a Gargoyle Fighter on June 13, 2018.
             Slain by an ogre
             ... wielding a +0 giant spiked club
              (14 damage)
             ... on level 4 of the Dungeon.
             The game lasted 00:53:39 (2977 turns).

saradell the Covered (Gargoyle Fighter)             Turns: 2977, Time: 00:53:39

Health: -1/39      AC: 16    Str: 22    XL:     6   Next: 63%
Magic:  6/6        EV:  4    Int:  9    God:
Gold:   202        SH:  9    Dex: 10    Spells: 5/5 levels left

rFire    . . .     SeeInvis .   a - +0 war axe
rCold    . . .     Gourm    +   c - +0 shield
rNeg     + . .     Faith    .   t - +0 plate armour
rPois    ∞         Spirit   .   (no helmet)
rElec    +         Reflect  .   (no cloak)
rCorr    .         Harm     .   (no gloves)
MR       .....                  (no boots)
Stlth    ..........             k - amulet of the gourmand
HPRegen  0.13/turn              A - +2 ring of strength
MPRegen  0.10/turn              (no ring)

@: no status effects
A: negative energy resistance 1, electricity resistance, unbreathing,
petrification resistance, rot immunity, AC +4
a: no special abilities


You were on level 4 of the Dungeon.
You were hungry.

You visited 1 branch of the dungeon, and saw 4 of its levels.

You collected 202 gold pieces.

Inventory:

Hand Weapons
 a - a +0 war axe (weapon)
 n - a cursed -2 hunting sling
 r - a +0 club
 u - a +0 hand axe
 v - a +0 flail
Missiles
 g - 58 bolts
 s - 5 needles of sleeping
Armour
 b - a +0 scale mail
 c - a +0 shield (worn)
 i - a +0 chain mail
 q - a +0 buckler
 t - a +0 plate armour (worn)
Jewellery
 k - an amulet of the gourmand (around neck)
 A - a +2 ring of strength (left hand)
 B - a +1 ring of evasion {unknown}
Scrolls
 e - 2 scrolls of identify
 h - a scroll of immolation
 j - a scroll of fog
 l - a scroll of enchant armour {unknown}
 p - a scroll of remove curse {unknown}
 y - a scroll of amnesia {unknown}
Potions
 d - a potion of might
 f - a potion of berserk rage {unknown}
 m - a potion of ambrosia {unknown}
 o - a potion of flight {unknown}
Comestibles
 x - 2 rations


   Skills:
 + Level 4.3 Fighting
 + Level 4.2 Axes
 + Level 4.6 Armour
 + Level 0.7 Dodging
 + Level 4.3 Shields


You had 5 spell levels left.
You didn't know any spells.
Your spell library was empty.

Dungeon Overview and Level Annotations

Branches:
Dungeon (4/15)
 Temple: D:4-7

Altars:
Makhleb
Okawaru

Annotations:
D:3 Sigmund
D:4 Zorot's ghost, amateur DsGl


Innate Abilities, Weirdness & Mutations

You are resistant to torment.
Your stone body is resilient. (AC +4)
You are immune to poison.
You resist negative energy. (rN+)
You are resistant to electric shocks. (rElec)
You can survive without breathing.
You are immune to petrification.
You are immune to rotting.


Message History

HP restored.
You are feeling hungry.
You see here 3 gold pieces.
You now have 202 gold pieces (gained 3).
You see here 17 stones.
You found a teleport trap!
The ogre is too close now for your liking.
The ogre shouts!
The ogre barely misses you. The ogre hits you but does no damage.
You hit the ogre but do no damage.
The ogre hits you with a giant spiked club!!
Ouch! That really hurt!
You slash the ogre!
The ogre is moderately wounded.
The ogre hits you but does no damage.
Your shield and plate armour prevent you from hitting the ogre.
The ogre is moderately wounded.
The ogre hits you with a giant spiked club!
You die...

........ ............ .......#
.... .... ............ ..#.##.#
..... #..# ...........# ..#.# #
..... #..# .......SO... ....#
#.......#..# .#....#..#.## ..#<#
.#.......#..##.#..
###........................
...............#.................
#####..##......#..#..##..#...#.##
# #..##....................####


You could see an ogre.

Vanquished Creatures
  An ogre (D:4)
  A howler monkey (D:4)
  A crimson imp (D:3)
  A hound (D:4)
  5 gnolls
  5 adders
  An ooze (D:2)
  2 worms
  A dart slug (D:1)
  A leopard gecko (D:4)
  An orc (D:3)
  A ball python (D:4)
  3 giant cockroaches
  6 goblins
  5 hobgoblins
  6 jackals
  10 kobolds
  2 quokkas
  5 bats
  7 frilled lizards
  4 rats
69 creatures vanquished.

Notes
Turn   | Place    | Note
-------+----------+-------------------------------------------
     0 | D:1      | saradell the Gargoyle Fighter began the quest for the Orb.
     0 | D:1      | Reached XP level 1. HP: 14/14 MP: 1/1
   316 | D:1      | Reached XP level 2. HP: 19/19 MP: 2/2
   358 | D:1      | You fall through a shaft!
   365 | D:2      | Reached XP level 3. HP: 20/24 MP: 3/3
   629 | D:2      | Reached XP level 4. HP: 29/29 MP: 4/4
  1139 | D:3      | Found an iron altar of Okawaru.
  1169 | D:3      | Reached XP level 5. HP: 31/33 MP: 5/5
  1646 | D:3      | Noticed Sigmund
  2218 | D:4      | Reached XP level 6. HP: 38/38 MP: 6/6
  2226 | D:4      | Noticed Zorot's ghost (amateur DsGl)
  2325 | D:4      | Found a burning altar of Makhleb.
  2977 | D:4      | Slain by an ogre

Vault maps used:
D:1:      dpeg_arrival_boxes_within_box
D:3:      marbit_many_paths, uniq_sigmund
D:4:      bloody_makhleb

Skill      XL: |  1  2  3  4  5 |
---------------+----------------+-----
Axes           | 2 3 4 |  4.2
Fighting       | 4 |  4.3
Shields        | 4 |  4.3
Armour         | 4 |  4.6
Dodging        | |  0.7

Action                   |  1- 3 |  4- 6 || total
-------------------------+-------+-------++-------
Melee: War axe           |   110 |   237 ||   347
  Use: Scroll            |     1 |     7 ||     8
       Potion            |       |     5 ||     5
  Eat: Ration            |       |     2 ||     2
Armor: Scale mail        |    57 |    42 ||    99
       Plate armour      |       |   127 ||   127
Dodge: Dodged            |    50 |    55 ||   105
Block: Shield            |    58 |   139 ||   197

Table legend:
 A = Spawn XP
 B = Non-spawn XP
 C = Spawn XP percentage of total XP
 D = Spawn monster count
 E = Non-spawn monster count
 F = Spawn count percentage of total count
 G = Total turns spent on level
                    A         B        C        D         E        F      G
               +---------+---------+-------+---------+---------+-------+---------
         Total |       0 |     508 |   0.0 |       0 |      69 |   0.0 |  2977
               +---------+---------+-------+---------+---------+-------+---------
           D:1 |       0 |      31 |   0.0 |       0 |      10 |   0.0 |   358
           D:2 |       0 |      82 |   0.0 |       0 |      31 |   0.0 |   825
           D:3 |       0 |      92 |   0.0 |       0 |      17 |   0.0 |  1025
           D:4 |       0 |     303 |   0.0 |       0 |      11 |   0.0 |   769
               +---------+---------+-------+---------+---------+-------+---------
